 Dungeon Crawl Stone Soup version 0.32-a0-42-ga30500b4d3 (webtiles) character file.

Game seed: 5713319044491567879

2124 cforsyth the Fighter (level 9, -4/71 HPs)
             Began as a Djinni Warper on Feb 1, 2024.
             Slain by Joseph
             ... wielding a +5 heavy quarterstaff
              (27 damage)
             ... on level 7 of the Dungeon.
             The game lasted 00:13:38 (7321 turns).

cforsyth the Fighter (Djinni Warper)                Turns: 7321, Time: 00:13:39

Health: -4/71      AC:  7    Str: 10    XL:     9   Next: 54%
Gold:   373        EV: 12    Int: 19    God:
                   SH:  0    Dex: 19

rFire   + + .        v - +0 scimitar (elec)
rCold   x . .        (no shield)
rNeg    . . .        b - +0 leather armour
rPois   ∞            (no helmet)
rElec   .            (no cloak)
rCorr   .            (no gloves)
SInv    .            (boots unavailable)
Will    +....        (no amulet)
Stlth   +            y - ring "Gutsa" {AC+4 Dex+6}
HPRegen 0.31/turn    g - ring of willpower
MPRegen 0.00/turn

%: infuse magic (-5 HP)
@: liquefying, flying, slowed movement, very slow
A: sickness immunity, fire resistance 2, cold vulnerability 1, float, innate
caster, HP casting, extra vitality 1
a: no special abilities


You were on level 7 of the Dungeon.
You visited 2 branches of the dungeon, and saw 8 of its levels.

You collected 373 gold pieces.

Inventory:

Hand Weapons
 a - a +0 falchion
 v - a +0 scimitar of electrocution (weapon)
 x - a +3 long sword
Missiles
 d - 7 darts of dispersal
 n - 3 curare-tipped darts
 o - 3 poisoned darts
Armour
 b - a +0 leather armour (worn)
Jewellery
 g - a ring of willpower (right hand)
 y - the ring "Gutsa" (left hand) {AC+4 Dex+6}
   (You found it on level 7 of the Dungeon)

   [ring of protection]

   AC+4:      It affects your AC (+4).
   Dex+6:     It affects your dexterity (+6).
Wands
 c - a wand of polymorph (9)
 t - a wand of iceblast (22)
 u - a wand of flame (36)
Scrolls
 f - 2 scrolls of immolation {unknown}
 h - a scroll of enchant armour {unknown}
 i - 4 scrolls of teleportation
 j - a scroll of butterflies {unknown}
 l - a scroll of fear {unknown}
 r - a scroll of vulnerability {unknown}
 w - a scroll of revelation {unknown}
Potions
 e - a potion of cancellation
 k - 2 potions of haste {unknown}
 m - 3 potions of curing
 p - a potion of resistance {unknown}
 q - a potion of lignification {unknown}
 s - a potion of magic {unknown}


   Skills:
 + Level 8.9 Fighting
 - Level 1.7 Long Blades
 - Level 0.7 Throwing
 - Level 1.0 Armour
 - Level 2.1 Dodging
 + Level 7.1 Spellcasting
 + Level 7.1 Conjurations
 + Level 7.1 Hexes
 + Level 7.1 Summonings
 + Level 7.1 Necromancy
 + Level 7.1 Translocations
 + Level 7.1 Fire Magic
 + Level 7.1 Ice Magic
 + Level 7.1 Air Magic
 + Level 7.1 Earth Magic
 + Level 7.1 Alchemy


You knew the following spells:

 Your Spells              Type           Power      Damage    Failure   Level
a - Blink                 Tloc           66%        N/A       1%          2
b - Lesser Beckoning      Tloc           66%        N/A       1%          2
c - Teleport Other        Tloc           33%        N/A       2%          3
d - Manifold Assault      Tloc           33%        N/A       7%          4
e - Vhi's Electric Charg  Tloc/Air       66%        N/A       7%          4
f - Summon Small Mammal   Summ           100%       N/A       1%          1
g - Searing Ray           Conj           66%        2d6       1%          2
h - Confusing Touch       Hex            33%        N/A       2%          3
i - Leda's Liquefaction   Alch/Erth      16%        N/A       7%          4
Your spell library was empty.

Dungeon Overview and Level Annotations

Branches:
Dungeon (7/15)             Temple (1/1) D:5

Altars:
Ashenzari
Cheibriados
Dithmenos
Elyvilon
Fedhas
Gozag
Hepliaklqana
Makhleb
Nemelex Xobeh
Okawaru
Qazlal
Ru
Trog
Uskayaw
Wu Jian
Xom
Yredelemnul
Zin

Shops:
D:2 !   D:4 (   D:5 [

Annotations:
D:7 Joseph


Innate Abilities, Weirdness & Mutations

You are immune to sickness and miasma.
You are immune to poison.
Your flesh is very heat resistant. (rF++)
You are vulnerable to cold. (rC-)
You float through the air rather than walking.
You learn spells naturally, not from books.
Your magical power is your life essence.
You have superior vitality. (+4 MHP)


Message History

The sling bullet hits you!
The searing ray hits Joseph.
Joseph is lightly wounded.
Joseph shoots a sling bullet.
The sling bullet barely misses you.
The searing ray hits Joseph!
Joseph is moderately wounded.
You finish channelling your searing ray.
Joseph says, "I'm here to kill trespassers.
I like my job."
Joseph shoots a sling bullet.
The sling bullet closely misses you.
The searing ray hits Joseph but does no damage.
Joseph is moderately wounded. (Press . to maintain the ray.) Joseph shoots a sling bullet.
The sling bullet hits you!
The searing ray hits Joseph!
Joseph is moderately wounded.
The searing ray hits Joseph.
Joseph is moderately wounded.
The searing ray misses Joseph.
You finish channelling your searing ray.
Joseph unwields a +3 antimagic sling.
Joseph wields a +5 heavy quarterstaff.
Joseph hits you with a +5 heavy quarterstaff!
You are too injured to fight recklessly!
You are too injured to fight recklessly!
Casting: Searing Ray (safe; 1% risk of failure)
Confirm with . or Enter, or press ? or * to list all spells.
Aiming: Lesser Beckoning (safe; 1% risk of failure)
Press: ? - help, Shift-Dir - straight line, f - you, p - Joseph
Okay, then.
Casting: Lesser Beckoning (safe; 1% risk of failure)
Confirm with . or Enter, or press ? or * to list all spells.
Your hands begin to glow red.
* * * LOW HITPOINT WARNING * * *
You hit Joseph but do no damage.
Joseph is moderately wounded.
Joseph completely misses you.
You hit Joseph but do no damage.
Joseph appears confused.
Joseph is moderately wounded.
Joseph gestures wildly.
Joseph hits you with a +5 heavy quarterstaff!!
You die...

##.#########.# ##
###...##### #.# ..
#.........# #.#
####.#####.#..>###.#
#5# ......!.##.#...#
#.# #.#....#......
#5# #.#..#...###..
...
###.##.#..##.#....
.5. ........@..#
.#.### .#..
####.##.@.## ....
5... # ##..# #....
..... .... ...
##...# ##. #..>#
#...# #....


You could see Joseph (confused, struggling).

Vanquished Creatures
  Grinder (D:6)
  Sigmund (D:5)
  3 water moccasins
  An orc warrior (D:4)
  2 sky beasts
  2 ogres (D:5)
  2 centaurs (D:5)
  4 lemures (D:7)
  A bullfrog (D:7)
  Blork the orc (D:4)
  5 killer bees (D:7)
  4 hounds
  2 bombardier beetles (D:5)
  2 orc priests
  2 sleepcaps (D:5)
  An orc wizard (D:4)
  6 gnolls
  6 adders
  A shadow imp (D:6)
  A ribbon worm (D:4)
  A dart slug (D:1)
  11 orcs
  6 ball pythons
  6 endoplasms
  4 giant cockroaches
  6 hobgoblins
  6 kobolds
  2 quokkas
  5 bats
  3 frilled lizards (D:1)
  4 goblins
  4 rats
106 creatures vanquished.

Notes
Turn   | Place    | Note
-------+----------+-------------------------------------------
     0 | D:1      | cforsyth the Djinni Warper began the quest for the Orb.
     0 | D:1      | cforsyth set off with the following spells memorised:
                  | Blink, Lesser Beckoning, Teleport Other, Manifold Assault,
                  | Vhi's Electric Charge.
     0 | D:1      | Reached XP level 1. HP: 18/18 MP: 0/0
   118 | D:1      | Reached XP level 2. HP: 23/23 MP: 0/0
   656 | D:1      | Reached XP level 3. HP: 22/29 MP: 0/0
   656 | D:1      | Learned a level 1 spell: Summon Small Mammal
  1152 | D:2      | Found Ricunurgh's Distillery.
  1202 | D:2      | Reached skill level 3 in Fighting
  1256 | D:2      | Reached XP level 4. HP: 34/35 MP: 0/0
  1351 | D:2      | Found a basalt altar of Yredelemnul.
  2218 | D:3      | Reached XP level 5. HP: 23/41 MP: 0/0
  2218 | D:3      | Learned a level 2 spell: Searing Ray
  2683 | D:4      | Found Ehinud's Antique Weapon Shop.
  2721 | D:4      | Reached skill level 4 in Fighting
  2919 | D:4      | Reached XP level 6. HP: 34/48 MP: 0/0
  3305 | D:4      | Noticed Blork the orc
  3316 | D:4      | Killed Blork the orc
  3539 | D:4      | Noticed an orc warrior
  3549 | D:4      | Killed an orc warrior
  3550 | D:4      | Reached skill level 5 in Fighting
  3550 | D:4      | Reached XP level 7. HP: 18/54 MP: 0/0
  3550 | D:4      | Learned a level 3 spell: Confusing Touch
  3883 | D:5      | Entered Level 5 of the Dungeon
  4137 | D:5      | Reached skill level 5 in Spellcasting
  4137 | D:5      | Reached skill level 5 in Conjurations
  4137 | D:5      | Reached skill level 5 in Hexes
  4137 | D:5      | Reached skill level 5 in Summonings
  4137 | D:5      | Reached skill level 5 in Necromancy
  4137 | D:5      | Reached skill level 5 in Translocations
  4137 | D:5      | Reached skill level 5 in Fire Magic
  4137 | D:5      | Reached skill level 5 in Ice Magic
  4137 | D:5      | Reached skill level 5 in Air Magic
  4137 | D:5      | Reached skill level 5 in Earth Magic
  4137 | D:5      | Reached skill level 5 in Alchemy
  4602 | D:5      | Found a staircase to the Ecumenical Temple.
  4606 | Temple   | Entered the Ecumenical Temple
  4633 | D:5      | Reached skill level 6 in Fighting
  4680 | D:5      | Reached XP level 8. HP: 52/61 MP: 0/0
  5096 | D:5      | Noticed Sigmund
  5106 | D:5      | Killed Sigmund
  5107 | D:5      | Reached skill level 7 in Fighting
  5129 | D:5      | Found Bayajidda's Dragon-Slaying Spoils.
  5192 | D:5      | HP: 2/64 [water moccasin (8)]
  5469 | D:5      | Found a glowing silver altar of Zin.
  5804 | D:6      | Reached XP level 9. HP: 58/69 MP: 0/0
  5804 | D:6      | Learned a level 4 spell: Leda's Liquefaction
  5937 | D:6      | Identified the +1 whip of the Unliving {flame, Str+2 Int+3
                  | Dex+3}
  5970 | D:6      | Reached skill level 8 in Fighting
  6274 | D:6      | Noticed Grinder
  6283 | D:6      | Killed Grinder
  7226 | D:7      | Identified the ring "Gutsa" {AC+4 Dex+6}
  7302 | D:7      | Noticed Joseph
  7321 | D:7      | Slain by Joseph

Illustrated notes

Levels and vault maps discovered:
D:1:      dreamdust_arrival_beginning_and_end, layout_basic
D:2:      layout_basic, serial_shops, nicolae_shop_rolling_square, basic_altar,
          glass_columns_b
D:3:      layout_basic, chequers_serial_rivers_micro_a
D:4:      cheibrodos_quashed, layout_loops_ring, serial_shops,
          nicolae_shop_stone, guppyfry_early_orc_mine, uniq_blork_the_orc
D:5:      layout_rooms, kennysheep_mini, minmay_temple_entry_hall,
          nicolae_shop_dragon_depot, uniq_sigmund
D:6:      layout_rooms, uniq_grinder
D:7:      kennysheep_six_static_rooms, layout_loops_ring, minivault_11,
          uniq_pikel, uniq_crazy_yiuf_cottage, uniq_joseph, uniq_menkaure
Temple:   eino_narrow_crystal_temple

Skill      XL: |  1  2  3  4  5  6  7  8  9 |
---------------+----------------------------+-----
Spellcasting   | 3 4 5 6 7 |  7.1
Conjurations   | 3 4 5 6 7 |  7.1
Hexes          | 3 4 5 6 7 |  7.1
Summonings     | 3 4 5 6 7 |  7.1
Necromancy     | 3 4 5 6 7 |  7.1
Translocations | 3 4 5 6 7 |  7.1
Fire Magic     | 3 4 5 6 7 |  7.1
Ice Magic      | 3 4 5 6 7 |  7.1
Air Magic      | 3 4 5 6 7 |  7.1
Earth Magic    | 3 4 5 6 7 |  7.1
Alchemy        | 3 4 5 6 7 |  7.1
Fighting       | 3 4 5 6 7 8 |  8.9
Long Blades    | |  1.7
Throwing       | |  0.7
Armour         | |  1.0
Dodging        | |  2.1

Action                     |  1- 3 |  4- 6 |  7- 9 || total
---------------------------+-------+-------+-------++-------
  Melee: Falchion          |    99 |    75 |       ||   174
         Scimitar          |       |       |    79 ||    79
         Punch             |       |       |     2 ||     2
   Cast: Summon Small Mamm |       |     2 |       ||     2
         Searing Ray       |       |    26 |    33 ||    59
         Confusing Touch   |       |       |    10 ||    10
         Teleport Other    |       |       |     3 ||     3
         Leda's Liquefacti |       |       |     3 ||     3
    Use: Scroll            |       |       |     5 ||     5
         Potion            |       |       |     1 ||     1
   Stab: Confused          |       |       |     2 ||     2
 Armour: Leather armour    |    79 |    98 |   107 ||   284
  Dodge: Dodged            |    71 |    91 |    67 ||   229

Table legend: (Time is in decaauts)
 A = Elapsed time spent in this place.
 B = Non-inter-level travel time spent in this place.
 C = Inter-level travel time spent in this place.
 D = Time resting spent in this place.
 E = Time spent auto-exploring this place.
 F = Levels seen in this place.
 G = Mean time per level.
                   A        B        C        D        E       F      G
               +--------+--------+--------+--------+--------+-----+--------+
         Total |   7397 |   6989 |    408 |   1152 |   4650 |   8 |  924.6 |
       Dungeon |   7377 |   6979 |    398 |   1152 |   4650 |   7 | 1053.9 |
        Temple |     19 |      9 |     10 |      0 |      0 |   1 |   19.0 |
               +--------+--------+--------+--------+--------+-----+--------+

Top non-repeatable levels by time:
     D:4: 1682 daAuts
     D:5: 1234 daAuts
     D:6: 1192 daAuts
     D:3: 1095 daAuts
     D:1: 943 daAuts
     D:2: 802 daAuts
     D:7: 426 daAuts
  Temple: 19 daAuts
